 Dungeon Crawl Stone Soup version 0.29.0-4-gdea44cf6ec (webtiles) character file.

Game seed: 1518097953746994322

920 qw the Grappler (level 7, -1/67 HPs)
             Began as a Troll Cinder Acolyte on Sept 3, 2022.
             Was a High Priest of Ignis.
             Slain by an ogre
             ... wielding a +0 giant spiked club
              (18 damage)
             ... on level 4 of the Dungeon.
             The game lasted 00:01:48 (3414 turns).

qw the Grappler (Troll Cinder Acolyte)              Turns: 3414, Time: 00:01:49

Health: -1/67      AC: 11    Str: 25    XL:     7   Next: 83%
Magic:  7/7        EV:  9    Int: 10    God:    Ignis [*****.]
Gold:   149        SH:  0    Dex:  5    Spells: 8/8 levels left

rFire   + . .      SeeInvis .     - Unarmed
rCold   . . .      Faith    .   (no shield)
rNeg    . . .      Spirit   .   a - +0 robe
rPois   .          Reflect  .   (helmet restricted)
rElec   .          Harm     .   (no cloak)
rCorr   .          Rampage  .   (gloves unavailable)
Will    .....                   (boots unavailable)
Stlth   +.........              c - amulet of regeneration
HPRegen 1.81/turn               (no ring)
MPRegen 0.10/turn               (no ring)

@: about to teleport, fiery-armoured (expiring)
A: large, unfitting armour, claws 3, regeneration 1, shaggy fur 1, tough skin 1
a: Renounce Religion, Fiery Armour, Foxfire Swarm, Rising Flame


You were on level 4 of the Dungeon.
You worshipped Ignis.
Ignis was extremely pleased with you.
You visited 1 branch of the dungeon, and saw 5 of its levels.

You collected 149 gold pieces.


Innate Abilities, Weirdness & Mutations

You are too large for most types of armour.
You have claws for hands.
Your natural rate of healing is unusually fast.
You are covered in fur. (AC +1)
You have tough skin. (AC +1)


   Skills:
 - Level 3.4 Fighting
 + Level 0.0 Dodging
 - Level 9.0 Unarmed Combat
 - Level 1.0 Spellcasting
 - Level 2.1 Fire Magic


You had 8 spell levels left.
You didn't know any spells.
Your spell library contained the following spells:

 Spells                   Type           Power      Damage    Failure   Level
 Scorch                   Fire           8%         2d5       22%         2

Inventory:

Armour
 a - a +0 robe (worn)
Jewellery
 c - an amulet of regeneration (around neck)
 e - the amulet "Dague" {Acrobat Fragile +Blink Will+ SInv}
   (You found it on level 2 of the Dungeon)

   [amulet of the acrobat]

   It increases your evasion while moving and waiting.
   SInv:      It lets you see invisible.
   +Blink:    It lets you blink.
   Fragile:   It will be destroyed if unequipped.
   Will:      It increases your willpower.
Scrolls
 h - 3 scrolls of enchant weapon
 m - a scroll of identify
Potions
 d - 2 potions of curing
 f - a potion of heal wounds {unknown}
 g - a potion of flight {unknown}
 j - a potion of ambrosia {unknown}
 l - a potion of might

Dungeon Overview and Level Annotations

Branches:
Dungeon (5/15)             Temple (0/1) D:4

Altars:
Kikubaaqudgha
The Shining One

Shops:
D:2 (   D:3 (


Message History

There is an open door here.
3403 ||| FLEEEEING.
3404 ||| FLEEEEING.
3405 ||| FLEEEEING.
There is a stone staircase leading up here.
3406 ||| STAIRDANCE You climb upwards.
There is a stone staircase leading down here.
You start resting.
HP restored.
Done exploring.
(D) Dungeon (T) Temple
Where to? (* - list waypoints, Enter - D:5, ? - help)
What level of the Dungeon? (default 1, ? - help)
You climb downwards.
The ogre hits you with a +0 giant club!
The ogre is burned by your cloak of flames.
The ogre is heavily wounded.
The ogre hits you with a +0 giant spiked club!
The ogre is burned by your cloak of flames.
The ogre is heavily wounded.
The iguana bites you.
The iguana is burned by your cloak of flames.
The iguana is lightly wounded.
There is a stone staircase leading up, spattered with blood here.
3412 ||| STAIRDANCE The ogre hits you with a +0 giant club!!
The ogre is burned by your cloak of flames.
The ogre is heavily wounded.
The iguana barely misses you. The ogre misses you.
You climb upwards.
There is a stone staircase leading down here.
3414 ||| READING scroll of teleportation.
As you read the scroll of teleportation, it crumbles to dust.
You feel strangely unstable. The iguana bites you.
The iguana is burned by your cloak of flames.
The iguana is moderately wounded.
The ogre completely misses you.
The ogre hits you with a +0 giant spiked club!!
You die...

#.........#.####....####
#.........#..[##.......#
#...##....###.##.......#
#...##........#........#
#...##....#............#
#...###.#.....#....#...#
#..%# #.#<....'..###...#
##...###O#.....#..# #....
#.......@..[...#..# #....
#......Ol#[###.#..# #....
#........#.###.#..###....
#####...#.#.#...#........!
#.......#.................
#.......###.......###.....
#.......###...............
#.........#...............
#.........#...............


You could see 2 ogres and an iguana.

Vanquished Creatures
  A troll (D:5)
  A water moccasin (D:4)
  An ice beast (D:5)
  An ogre (D:5)
  A scorpion (D:4)
  A gnoll sergeant (D:5)
  2 orc priests (D:4)
  3 iguanas (D:5)
  Robin (D:4)
  8 adders
  2 worms (D:5)
  5 orcs
  5 ball pythons
  3 endoplasms
  4 giant cockroaches (D:1)
  20 goblins
  7 hobgoblins
  A quokka (D:1)
  4 bats
  2 frilled lizards (D:1)
  8 kobolds
  4 rats
85 creatures vanquished.

Notes
Turn   | Place    | Note
-------+----------+-------------------------------------------
     0 | D:1      | qw the Troll Cinder Acolyte began the quest for the Orb.
     0 | D:1      | Reached XP level 1. HP: 22/22 MP: 1/1
     0 | D:1      | 0 ||| qw: Version: 0.1-a-102-g441f92d
     0 | D:1      | 0 ||| qw: Game counter: 5173
     0 | D:1      | 0 ||| qw: Always use a shield: true
     0 | D:1      | 0 ||| qw: God list: Okawaru
     0 | D:1      | 0 ||| qw: Allow faded altars: false
     0 | D:1      | 0 ||| qw: Do Orc after D:15 true
     0 | D:1      | 0 ||| qw: Do second Lair branch before Depths: true
     0 | D:1      | 0 ||| qw: Lair rune preference: random
     0 | D:1      | 0 ||| qw: Plans: Normal
     0 | D:1      | 0 ||| PLANNING D:1-11
   211 | D:1      | Reached XP level 2. HP: 29/29 MP: 2/2
   213 | D:1      | 213 ||| Stepping ~*~*~tactically~*~*~ (stealth).
   468 | D:1      | 468 ||| Stepping ~*~*~tactically~*~*~ (stealth).
   470 | D:1      | Reached skill level 4 in Unarmed Combat
   912 | D:1      | 912 ||| UPGRADING to amulet of regeneration.
   917 | D:1      | 917 ||| READING scroll labelled KESHRIR RALILE.
   918 | D:1      | 918 ||| READING scroll labelled SIFRERI VAIB.
   919 | D:1      | 919 ||| READING scroll labelled APHUGE OSCHEDAPH.
   924 | D:1      | 924 ||| DRINKING 2 red potions.
   925 | D:1      | 925 ||| DRINKING 2 sedimented ruby potions.
   926 | D:1      | 926 ||| DROPPING potion of degeneration.
   927 | D:1      | 927 ||| DROPPING potion of attraction.
  1002 | D:2      | Reached XP level 3. HP: 36/36 MP: 3/3
  1056 | D:2      | Identified the amulet "Dague" {Acrobat Fragile +Blink Will+
                  | SInv}
  1126 | D:2      | Found Fupoe's Antique Weapon Shoppe.
  1250 | D:2      | Found a faded altar of an unknown god.
  1707 | D:2      | 1707 ||| DROPPING amulet of the acrobat.
  1708 | D:2      | 1708 ||| READING scroll labelled EHACSO JIHO.
  1709 | D:2      | 1709 ||| READING scroll labelled IMMOABR UCUP.
  1710 | D:2      | 1710 ||| READING scroll labelled YTU VY URGHE.
  1720 | D:2      | 1720 ||| DRINKING 2 smoky black potions.
  1938 | D:3      | Found an ancient bone altar of Kikubaaqudgha.
  1943 | D:3      | 1943 ||| Stepping ~*~*~tactically~*~*~ (stealth).
  1983 | D:3      | Reached XP level 4. HP: 41/44 MP: 4/4
  2033 | D:3      | Found Inocsoar's Antique Weapon Shoppe.
  2367 | D:3      | 2367 ||| READING scroll labelled WIXULIEPPU.
  2368 | D:3      | 2368 ||| DRINKING 3 gluggy clear potions.
  2369 | D:3      | 2369 ||| DRINKING 2 fizzy silvery potions.
  2370 | D:3      | 2370 ||| DROPPING potion of magic.
  2387 | D:4      | Noticed a water moccasin
  2402 | D:4      | Killed a water moccasin
  2403 | D:4      | Reached skill level 6 in Unarmed Combat
  2403 | D:4      | Reached XP level 5. HP: 27/50 MP: 5/5
  2403 | D:4      | 2403 ||| STAIRDANCE
  2431 | D:4      | Identified the +7 rapier of Arbitration {vorpal, rN+ Int+2
                  | Dex-5 Stlth+}
  2433 | D:4      | Found a staircase to the Ecumenical Temple.
  2436 | D:4      | 2436 ||| Stepping ~*~*~tactically~*~*~ (stealth).
  2440 | D:4      | 2440 ||| Stepping ~*~*~tactically~*~*~ (stealth).
  2441 | D:4      | 2441 ||| Stepping ~*~*~tactically~*~*~ (stealth).
  2448 | D:4      | 2448 ||| Stepping ~*~*~tactically~*~*~ (outnumbered).
  2449 | D:4      | 2449 ||| Stepping ~*~*~tactically~*~*~ (outnumbered).
  2450 | D:4      | 2450 ||| Stepping ~*~*~tactically~*~*~ (outnumbered).
  2466 | D:4      | 2466 ||| Stepping ~*~*~tactically~*~*~ (stealth).
  2469 | D:4      | Noticed Robin
  2470 | D:4      | 2470 ||| Stepping ~*~*~tactically~*~*~ (stealth).
  2471 | D:4      | 2471 ||| Stepping ~*~*~tactically~*~*~ (outnumbered).
  2472 | D:4      | 2472 ||| Stepping ~*~*~tactically~*~*~ (outnumbered).
  2473 | D:4      | 2473 ||| INVOKING Fiery Armour.
  2476 | D:4      | 2476 ||| Stepping ~*~*~tactically~*~*~ (outnumbered).
  2477 | D:4      | 2477 ||| Stepping ~*~*~tactically~*~*~ (outnumbered).
  2480 | D:4      | Killed Robin
  2482 | D:4      | 2482 ||| Stepping ~*~*~tactically~*~*~ (outnumbered).
  2483 | D:4      | 2483 ||| Stepping ~*~*~tactically~*~*~ (outnumbered).
  2484 | D:4      | 2484 ||| Stepping ~*~*~tactically~*~*~ (outnumbered).
  2486 | D:4      | 2486 ||| Stepping ~*~*~tactically~*~*~ (outnumbered).
  2487 | D:4      | 2487 ||| Stepping ~*~*~tactically~*~*~ (outnumbered).
  2609 | D:4      | 2609 ||| Stepping ~*~*~tactically~*~*~ (hiding).
  2610 | D:4      | 2610 ||| Stepping ~*~*~tactically~*~*~ (hiding).
  2613 | D:4      | 2613 ||| Stepping ~*~*~tactically~*~*~ (hiding).
  2614 | D:4      | 2614 ||| Stepping ~*~*~tactically~*~*~ (hiding).
  2616 | D:4      | 2616 ||| Stepping ~*~*~tactically~*~*~ (hiding).
  2619 | D:4      | 2619 ||| INVOKING Fiery Armour.
  2625 | D:4      | Reached XP level 6. HP: 41/59 MP: 6/6
  2695 | D:4      | Reached skill level 7 in Unarmed Combat
  2784 | D:4      | 2784 ||| Stepping ~*~*~tactically~*~*~ (stealth).
  2834 | D:4      | Found a glowing golden altar of the Shining One.
  2955 | D:4      | 2955 ||| Stepping ~*~*~tactically~*~*~ (stealth).
  3206 | D:4      | 3206 ||| READING 2 scrolls of identify.
  3206 | D:4      | 3206 ||| IDENTIFYING blue potion
  3207 | D:4      | 3207 ||| DROPPING potion of brilliance.
  3227 | D:5      | Entered Level 5 of the Dungeon
  3243 | D:5      | 3243 ||| Stepping ~*~*~tactically~*~*~ (stealth).
  3270 | D:5      | Noticed a troll
  3278 | D:5      | Killed a troll
  3279 | D:5      | Reached skill level 8 in Unarmed Combat
  3279 | D:5      | Reached XP level 7. HP: 55/66 MP: 7/7
  3289 | D:5      | 3289 ||| Stepping ~*~*~tactically~*~*~ (stealth).
  3292 | D:5      | 3292 ||| Stepping ~*~*~tactically~*~*~ (hiding).
  3293 | D:5      | 3293 ||| Stepping ~*~*~tactically~*~*~ (hiding).
  3300 | D:5      | 3300 ||| INVOKING Fiery Armour.
  3307 | D:5      | 3307 ||| Stepping ~*~*~tactically~*~*~ (outnumbered).
  3312 | D:5      | Reached skill level 3 in Fighting
  3317 | D:5      | 3317 ||| Stepping ~*~*~tactically~*~*~ (stealth).
  3321 | D:5      | 3321 ||| Stepping ~*~*~tactically~*~*~ (outnumbered).
  3322 | D:5      | 3322 ||| Stepping ~*~*~tactically~*~*~ (outnumbered).
  3357 | D:5      | 3357 ||| Stepping ~*~*~tactically~*~*~ (stealth).
  3371 | D:5      | 3371 ||| Stepping ~*~*~tactically~*~*~ (outnumbered).
  3372 | D:5      | 3372 ||| Stepping ~*~*~tactically~*~*~ (outnumbered).
  3374 | D:5      | 3374 ||| Stepping ~*~*~tactically~*~*~ (outnumbered).
  3375 | D:5      | 3375 ||| Stepping ~*~*~tactically~*~*~ (outnumbered).
  3376 | D:5      | 3376 ||| Stepping ~*~*~tactically~*~*~ (outnumbered).
  3377 | D:5      | 3377 ||| Stepping ~*~*~tactically~*~*~ (outnumbered).
  3378 | D:5      | 3378 ||| Stepping ~*~*~tactically~*~*~ (outnumbered).
  3380 | D:5      | 3380 ||| Stepping ~*~*~tactically~*~*~ (outnumbered).
  3381 | D:5      | 3381 ||| Stepping ~*~*~tactically~*~*~ (outnumbered).
  3382 | D:5      | 3382 ||| Stepping ~*~*~tactically~*~*~ (outnumbered).
  3383 | D:5      | 3383 ||| Stepping ~*~*~tactically~*~*~ (outnumbered).
  3384 | D:5      | 3384 ||| Stepping ~*~*~tactically~*~*~ (outnumbered).
  3385 | D:5      | 3385 ||| Stepping ~*~*~tactically~*~*~ (outnumbered).
  3387 | D:5      | 3387 ||| Stepping ~*~*~tactically~*~*~ (outnumbered).
  3388 | D:5      | 3388 ||| Stepping ~*~*~tactically~*~*~ (outnumbered).
  3390 | D:5      | Reached skill level 9 in Unarmed Combat
  3390 | D:5      | 3390 ||| Stepping ~*~*~tactically~*~*~ (outnumbered).
  3392 | D:5      | 3392 ||| Stepping ~*~*~tactically~*~*~ (outnumbered).
  3393 | D:5      | 3393 ||| FLEEEEING.
  3394 | D:5      | 3394 ||| FLEEEEING.
  3395 | D:5      | 3395 ||| FLEEEEING.
  3396 | D:5      | 3396 ||| FLEEEEING.
  3397 | D:5      | 3397 ||| FLEEEEING.
  3398 | D:5      | 3398 ||| FLEEEEING.
  3399 | D:5      | 3399 ||| FLEEEEING.
  3400 | D:5      | 3400 ||| FLEEEEING.
  3401 | D:5      | 3401 ||| FLEEEEING.
  3402 | D:5      | 3402 ||| FLEEEEING.
  3403 | D:5      | 3403 ||| FLEEEEING.
  3404 | D:5      | 3404 ||| FLEEEEING.
  3405 | D:5      | 3405 ||| FLEEEEING.
  3406 | D:5      | 3406 ||| STAIRDANCE
  3412 | D:5      | 3412 ||| STAIRDANCE
  3412 | D:5      | HP: 14/67 [ogre/+0 giant club (21)]
  3414 | D:4      | 3414 ||| READING scroll of teleportation.
  3414 | D:4      | Slain by an ogre

Levels and vault maps discovered:
D:1:      dpeg_arrival_water_temple_mockup, layout_basic, serial_forest,
          infiniplex_forest_clump_double, infiniplex_forest_lined_2,
          infiniplex_forest_zigzag_2, infiniplex_forest_lined_2,
          infiniplex_forest_corner_1, infiniplex_forest_clump_long, minivault_19
D:2:      wad_lake_hut, layout_basic, basic_ecumenical_altar, serial_shops,
          nicolae_shop_temple_entry_statues_fountains
D:3:      layout_loops_ring, nicolae_kikubaaqudgha_miasma_corner, serial_shops,
          shop, kennysheep_pointless_box
D:4:      layout_basic, mainiacjoe_overflow_chevrons,
          minmay_temple_entry_stoned_glass, interstate_on_off,
          amcnicky_mini_rare_corridor_liquid, uniq_robin
D:5:      cheibrodos_fzero, layout_gridville, fedhas_altar_fruit_tree

Skill      XL: |  1  2  3  4  5  6  7 |
---------------+----------------------+-----
Unarmed Combat | 4 6 8 9 |  9.0
Fighting       | 3 |  3.4
Spellcasting   | |  1.0
Fire Magic     | |  2.1

Action                   |  1- 3 |  4- 6 |  7- 9 || total
-------------------------+-------+-------+-------++-------
Melee: Unarmed           |    79 |    78 |    37 ||   194
       Punch             |     1 |     1 |     4 ||     6
Invok: Fiery Armour      |       |     2 |     1 ||     3
  Use: Scroll            |     6 |     2 |     1 ||     9
       Potion            |     3 |     2 |       ||     5
Armor: Robe              |    20 |    29 |    17 ||    66
Dodge: Dodged            |    26 |    45 |    27 ||    98

Table legend:
 A = Non-vault XP
 B = Vault XP
 C = Vault XP percentage of total XP
 D = Non-vault monster count
 E = Vault monster count
 F = Vault count percentage of total count
                 A         B        C        D         E       F
            +---------+---------+-------+---------+---------+-------
      Total |     480 |     835 |  63.5 |      60 |      25 |  29.4
            +---------+---------+-------+---------+---------+-------
        D:1 |      39 |       0 |   0.0 |      22 |       0 |   0.0
        D:2 |      29 |       0 |   0.0 |      12 |       0 |   0.0
        D:3 |      31 |       0 |   0.0 |       5 |       0 |   0.0
        D:4 |     373 |      37 |   9.0 |      19 |      13 |  40.6
        D:5 |       8 |     798 |  99.0 |       2 |      12 |  85.7
            +---------+---------+-------+---------+---------+-------
